 Dungeon Crawl Stone Soup version 0.30.0-29-ga12c61a403 (webtiles) character file.

Game seed: 6017511903577272105

139 seaoflcl the Covered (level 5, -2/47 HPs)
             Began as a Minotaur Fighter on June 11, 2023.
             Slain by Grinder (6 damage)
             ... on level 3 of the Dungeon.
             The game lasted 00:02:20 (1796 turns).

seaoflcl the Covered (Minotaur Fighter)             Turns: 1796, Time: 00:02:21

Health: -2/47      AC: 12    Str: 23    XL:     5   Next: 1%
Magic:  4/4        EV:  6    Int:  5    God:
Gold:   140        SH:  4    Dex:  9    Spells: 4/4 levels left

rFire   . . .        a - +0 war axe
rCold   . . .        c - +0 buckler
rNeg    . . .        h - +0 plate armour
rPois   .            (helmet restricted)
rElec   .            (no cloak)
rCorr   .            (no gloves)
SInv    .            (no boots)
Will    .....        (no amulet) Stlth
                     (no ring)
HPRegen 0.27/turn    (no ring)
MPRegen 0.09/turn

%: no passive effects
@: no status effects
A: horns 2, retaliatory headbutt
a: no special abilities


You were on level 3 of the Dungeon.
You visited 1 branch of the dungeon, and saw 3 of its levels.

You collected 140 gold pieces.

Inventory:

Hand Weapons
 a - a +0 war axe (weapon)
Armour
 b - a +0 scale mail
 c - a +0 buckler (worn)
 h - a +0 plate armour (worn)
Scrolls
 e - 4 scrolls of teleportation {unknown}
 i - a scroll of blinking {unknown}
 j - 4 scrolls of identify {unknown}
 k - a scroll of vulnerability {unknown}
 l - a scroll of fog {unknown}
Potions
 d - a potion of might
 f - 2 potions of haste {unknown}
 g - a potion of heal wounds {unknown}
 m - a potion of curing {unknown}
 n - a potion of experience {unknown}


   Skills:
 + Level 4.3 Fighting
 * Level 4.2 Axes
 * Level 4.8 Armour
 + Level 4.3 Shields


You had 4 spell levels left.
You didn't know any spells.
Your spell library contained the following spells:

 Spells                   Type           Power      Damage    Failure   Level
 Lesser Beckoning         Tloc           0%         N/A       100%        2
 Gell's Gravitas          Tloc           0%         N/A       100%        3
 Teleport Other           Tloc           0%         N/A       100%        3
 Anguish                  Hex/Necr       0%         N/A       100%        4
 Cause Fear               Hex            0%         N/A       100%        4
 Dragon Form              Tmut           0%         N/A       100%        7
 Enfeeble                 Hex            0%         N/A       100%        7
 Dragon's Call            Summ           0%         N/A       100%        9


Dungeon Overview and Level Annotations

Branches:
Dungeon (3/15)

Altars:

Shops:
D:1 *

Annotations:
D:3 Grinder


Innate Abilities, Weirdness & Mutations

You have a pair of horns on your head.
You reflexively headbutt those who attack you in melee.


Message History

Items here: ))) [[[.
You closely miss the frilled lizard.
The frilled lizard bites you but does no damage.
You slash the frilled lizard!
You kill the frilled lizard!
You see here a frilled lizard corpse.
Found a scroll labelled GEETZE KUR.
Grinder is nearby!
Grinder zaps a wand.
The puff of flame hits you. Grinder gestures at you.
Pain shoots through your body! Grinder gestures at you.
Pain shoots through your body!
You see here a +0 leather armour.
Grinder hits you but does no damage.
You closely miss Grinder. Your headbutt misses Grinder.
Grinder gestures at you.
You barely resist. Grinder hits you but does no damage.
You closely miss Grinder. Grinder hits you but does no damage.
You slash Grinder! Your headbutt misses Grinder.
Grinder is lightly wounded.
Grinder hits you. x2; You writhe in agony.
You barely miss Grinder.
Grinder is lightly wounded.
You block Grinder's attack.
You slash Grinder! Your headbutt misses Grinder.
Grinder is heavily wounded.
Grinder hits you but does no damage.
You barely miss Grinder.
Grinder is heavily wounded.
Grinder zaps a wand.
The puff of flame hits you. Grinder hits you.
* * * LOW HITPOINT WARNING * * *
You writhe in agony.
* * * LOW HITPOINT WARNING * * *
You slash Grinder! You headbutt Grinder, but do no damage.
Grinder is severely wounded.
Grinder hits you.
* * * LOW HITPOINT WARNING * * *
You writhe in agony.
You die...

###### # #.....
#.########## #.....
#..?.......# #.....
#..........# #.....
#..........#########...
#....5@[...†))..###...#
#..........####.......#
#..........# ####....#
.######.##### #.......#
.# #.# #.###.#.# .##
#.# #.##..#.# . #. ..
#.# #....##.# #. #.
#.##.# ######..###..#
#.##. #..#.###=......#
#.(.


You could see Grinder.

Vanquished Creatures
  An orc priest (D:3)
  An orc wizard (D:3)
  4 adders
  A worm (D:2)
  2 dart slugs (D:2)
  2 orcs (D:3)
  3 ball pythons
  8 bats
  8 endoplasms
  4 giant cockroaches
  5 goblins
  6 hobgoblins
  4 quokkas
  2 frilled lizards
  4 kobolds
  5 rats
60 creatures vanquished.

Notes
Turn   | Place    | Note
-------+----------+-------------------------------------------
     0 | D:1      | seaoflcl the Minotaur Fighter began the quest for the Orb.
     0 | D:1      | Reached XP level 1. HP: 19/19 MP: 0/0
   145 | D:1      | Reached XP level 2. HP: 27/27 MP: 1/1
   297 | D:1      | Found Xaz Qei's Assorted Antiques.
   547 | D:1      | Reached XP level 3. HP: 33/33 MP: 2/2
   888 | D:2      | Reached XP level 4. HP: 35/40 MP: 3/3
  1770 | D:3      | Noticed Grinder
  1777 | D:3      | Reached XP level 5. HP: 42/47 MP: 4/4
  1796 | D:3      | Slain by Grinder

Illustrated notes

Levels and vault maps discovered:
D:1:      roderic_crop_circles_arrival_small, layout_basic, serial_shops,
          nicolae_shop_tiny_real_fake_doors, serial_forest,
          infiniplex_forest_clump_curved, infiniplex_forest_straight_3,
          infiniplex_forest_clump_curved, infiniplex_forest_zigzag_1,
          infiniplex_forest_corner_1, infiniplex_forest_clump_small,
          infiniplex_forest_split, infiniplex_forest_straight_3
D:2:      layout_basic, basic_altar, minmay_pentomino_z2, uniq_robin
D:3:      layout_rooms, hellmonk_ecumenical_altar_watching_god, uniq_grinder

Skill      XL: |  1  2  3  4 |
---------------+-------------+-----
Axes           | 3 4 |  4.2
Armour         | 4 |  4.8
Shields        | 4 |  4.3
Fighting       | 4 |  4.3

Action                     |  1- 3 |  4- 6 || total
---------------------------+-------+-------++-------
  Melee: War axe           |    60 |    46 ||   106
         Headbutt          |    13 |     5 ||    18
 Armour: Scale mail        |     8 |       ||     8
         Plate armour      |    30 |    26 ||    56
  Dodge: Dodged            |    24 |     8 ||    32
  Block: Buckler           |    17 |    11 ||    28
